 Dungeon Crawl Stone Soup version 0.32-a0-560-g4c7f4391e0 (webtiles) character file.

Game seed: 894812966438890812

57062 ragingrage the Warrior (level 14, -4/135 HPs)
             Began as a Black Draconian Delver on Feb 29, 2024.
             Was an Initiate of Gozag.
             Engulfed by an ice statue's freezing vapour (6 damage)
             ... in a Gauntlet.
             The game lasted 00:26:50 (24818 turns).

ragingrage the Warrior (Black Draconian Delver)    Turns: 24818, Time: 00:26:50

Health: -4/135     AC: 15    Str: 18    XL:     14   Next: 44%
Magic:  14/14      EV: 23    Int:  7    God:    Gozag
Gold:   4057       SH:  9    Dex: 18    Spells: 9/13 levels left

rFire   . . .        a - +4 quick blade (elec)
rCold   . . .        h - +3 buckler "Neil" {Str+4}
rNeg    . . .        (body armour unavailable)
rPois   .            C - +1 hat
rElec   +            B - +2 cloak
rCorr   .            (no gloves)
SInv    .            W - +2 pair of boots
Will    +....        k - amulet of Lausuali {rElec Regen+ Int-4 Slay+2}
Stlth   +++          o - +5 ring of evasion
HPRegen 1.22/turn    (no ring)
MPRegen 0.14/turn

%: no teleportation
@: flying, slowed, very slow
A: galvanic breath, AC +8, unfitting armour, big wings, electricity resistance,
cold-blooded
a: Galvanic Breath, Renounce Religion, Potion Petition, Call Merchant, Bribe
Branch


You were in a Gauntlet.
You worshipped Gozag.
Gozag was most pleased with you.
You visited 4 branches of the dungeon, and saw 20 of its levels.
You also visited: Bailey and Gauntlet.

You collected 6098 gold pieces.
You spent 1621 gold pieces at shops.
You paid 420 gold pieces to Gozag.

Inventory:

Hand Weapons
 a - a +4 quick blade of electrocution (weapon)
Missiles
 J - a throwing net
 O - 18 poisoned darts (quivered)
Armour
 h - the +3 buckler "Neil" (worn) {Str+4}
   (You acquired it on level 2 of the Lair of Beasts)

   Str+4:     It affects your strength (+4).
 B - a +2 cloak (worn)
 C - a +1 hat (worn)
 W - a +2 pair of boots (worn)
Jewellery
 k - the amulet of Lausuali (around neck) {rElec Regen+ Int-4 Slay+2}
   (You acquired it on level 2 of the Lair of Beasts)

   [amulet of regeneration]

   Int-4:     It affects your intelligence (-4).
   Slay+2:    It affects your accuracy & damage with ranged weapons and melee
   (+2).
   rElec:     It insulates you from electricity.
   Regen+:    It increases your rate of health regeneration.
 o - a +5 ring of evasion (left hand)
 K - an amulet of the acrobat
Wands
 f - a wand of digging (7)
 A - a wand of flame (55)
 D - a wand of iceblast (5)
 H - a wand of paralysis (14)
 I - a wand of polymorph (17)
 R - a wand of mindburst (9)
Scrolls
 c - 5 scrolls of revelation
 d - 3 scrolls of fear
 j - 2 scrolls of silence
 m - 4 scrolls of immolation
 n - 3 scrolls of fog
 r - 3 scrolls of vulnerability
 u - 3 scrolls of summoning
 y - 2 scrolls of amnesia
 F - 6 scrolls of teleportation
 G - 3 scrolls of brand weapon
 L - 5 scrolls of noise
 M - a scroll of torment
 S - 2 scrolls of blinking
Potions
 e - 2 potions of haste
 l - 7 potions of heal wounds
 p - 5 potions of might
 q - 3 potions of curing
 s - 5 potions of brilliance
 t - 5 potions of lignification
 v - a potion of invisibility {unknown}
 z - 3 potions of attraction
 E - a potion of berserk rage {unknown}
 N - 3 potions of ambrosia
 T - 2 potions of resistance
 V - a potion of magic {unknown}
Miscellaneous
 Q - a lightning rod (4/4)


   Skills:
 - Level 15.0 Fighting
 - Level 11.6(14.0) Short Blades
 - Level 12.7(14.5) Long Blades
 - Level 11.0 Dodging
 - Level 4.5 Stealth
 - Level 5.0 Shields
 + Level 6.4 Evocations


You had 9 spell levels left.
You knew the following spells:

 Your Spells              Type           Power      Damage    Failure   Level
a - Vhi's Electric Charg  Tloc/Air       0%         N/A       99%         4

Your spell library contained the following spells:

 Spells                   Type           Power      Damage    Failure   Level
 Magic Dart               Conj           0%         1d3       50%         1
 Necrotise                Necr           0%         1d4       50%         1
 Sting                    Conj/Alch      0%         1d3       50%         1
 Lesser Beckoning         Tloc           0%         N/A       65%         2
 Mercury Vapours          Alch/Air       0%         N/A       65%         2
 Searing Ray              Conj           0%         2d4       65%         2
 Gell's Gravitas          Tloc           0%         N/A       86%         3
 Teleport Other           Tloc           0%         N/A       86%         3
 Vampiric Draining        Necr           0%         2d6       86%         3
 Fulminant Prism          Conj/Alch      0%         3d5       99%         4
 Martyr's Knell           Necr/Summ      0%         N/A       99%         4
 Olgreb's Toxic Radiance  Alch           0%         N/A       99%         4
 Arcjolt                  Conj/Air       0%         1d10      100%        5
 Curse of Agony           Necr           0%         N/A       100%        5
 Maxwell's Capacitive Co  Air            0%         ∞         100%        8


Dungeon Overview and Level Annotations

Branches:
Dungeon (12/15)            Temple (1/1) D:4            Lair (5/5) D:8
  Swamp (0/4) Lair:2        Snake (0/4) Lair:2        Slime (0/5) Lair:5
    Orc (2/2) D:9          Bailey (visited)         Gauntlet (1/1)
    Elf: Orc:2

Altars:
Ashenzari
Cheibriados
Dithmenos
Elyvilon
Fedhas
Gozag
Hepliaklqana
Kikubaaqudgha
Makhleb
Nemelex Xobeh
Okawaru
Qazlal
Ru
Sif Muna
Trog
Uskayaw
Vehumet
Wu Jian
Yredelemnul
Zin
The Shining One
Jiyva

Shops:
D:4 *   D:8 ?   D:11 !   Orc:1 :   Orc:2 (

Annotations:
D:2 exclusion: downstairs
D:3 Grinder, Robin
D:10 exclusion: downstairs
D:12 3 runed translucent doors, Jiodon's ghost, journeyman KoHu Gauntlet 13 transporters, 1 runed translucent door, exclusion: ice statue


Innate Abilities, Weirdness & Mutations

You can breathe arcing electricity.
Your glossy black scales are hard. (AC +8)
You cannot fit into any form of body armour.
Your large and strong wings let you fly.
You are resistant to electric shocks. (rElec)
You are cold-blooded and may be slowed by cold attacks.


Message History

You hit the ice statue but do no damage. x2
You are engulfed in freezing vapours.
The ice beast closely misses you.
The ice beast hits you but does no damage.
You hit the ice statue but do no damage.
You barely miss the ice statue.
You are engulfed in freezing vapours.
The ice statue gestures at you. The freezing blast engulfs you!!
* * * LOW HITPOINT WARNING * * *
The ice beast completely misses you. The ice beast barely misses you.
You hit the ice statue but do no damage.
You hit the ice statue. You tail-slap the ice statue.
The ice statue gestures.
The ice beast hits you.
* * * LOW HITPOINT WARNING * * *
The ice beast freezes you!
You feel as though you will be slow longer.
* * * LOW HITPOINT WARNING * * *
The ice beast barely misses you.
You hit the ice statue but do no damage.
You hit the ice statue. The ice statue gestures at you.
The freezing blast misses you. The ice beast misses you. x2
You hit the ice statue but do no damage.
You hit the ice statue.
You are engulfed in freezing vapours.
* * * LOW HITPOINT WARNING * * *
The white imp picks up a beetle and eats it.
You hit the ice statue but do no damage. x2
You are engulfed in freezing vapours.
You feel as though you will be slow longer.
* * * LOW HITPOINT WARNING * * *
The ice beast hits you but does no damage.
The ice beast completely misses you. The ice statue gestures at you.
The shard of ice misses you.
You hit the ice statue but do no damage.
Your tail-slap misses the ice statue.
You hit the ice statue but do no damage.
You are engulfed in freezing vapours.
You die...
Your body crumbles into a pile of gold.

..≈## ..≈≈# ..≈# #### ### ###
### ### ### ###
...###≈###≈###≈###≈###≈###≈##
ß...#≈≈≈#≈≈≈#≈≈≈#≈≈≈#≈≈≈#≈≈≈#
..........................≈##
#######################...##
©ß#5+...#©#ß©ß#I@##...#...≈##
..#.###.#.#...#Y#Y..###..∩≈≈#
..#...#...#...#Y#..#..#...≈##
.©###.#####©.©#©.#©#..#©..##
###©#....5#####..#..#.#...≈##
..#.#####4#...###...#.#..∩≈≈#
ß.#$(.....#.ß.#...##..#...≈##
..#########...#########...##
..........................≈##


You could see an ice statue, an ice devil, 3 ice beasts and a white imp.

Vanquished Creatures
  An orc warlord (Orc:2)
  Erolcha (Orc:1)
  4 catoblepae
  3 boulder beetles
  2 two-headed ogres (D:12)
  7 death yaks (Lair:5)
  A centaur warrior (D:11)
  An orc high priest (Orc:2)
  3 skeletal warriors (D:11)
  A skyshark (Lair:5)
  2 spriggan druids (Lair:2)
  3 deep elf pyromancers (D:12)
  An orc knight (Bailey)
  2 manticores (Lair:5)
  6 elephants (Lair:5)
  An oklob plant (Lair:3)
  An ugly thing (D:12)
  2 kobold blastminers
  A torpor snail (Lair:5)
  3 rime drakes
  Jeremiah (D:7)
  8 cane toads
  11 komodo dragons
  An unseen horror (D:12)
  3 kobold demonologists
  2 hornets (Lair:2)
  A polar bear (Lair:4)
  6 trolls
  4 blink frogs (Lair:4)
  9 dream sheep (Lair:5)
  Sigmund (D:2)
  A wraith (D:9)
  78 yaks
  8 wyverns
  3 wargs (Orc:1)
  Grum (Lair:1)
  3 basilisks
  2 steam dragons
  5 vampire mosquitoes
  3 nagas (Lair:2)
  An acid dragon (D:10)
  13 water moccasins
  Duvessa (D:5)
  23 orc warriors
  2 ice beasts
  A black bear (D:6)
  14 wolves
  6 ogres
  5 centaurs
  2 kobold brigands
  13 bullfrogs
  3 scorpions
  2 gnoll sergeants
  9 wights
  Dowan (D:5)
  4 howler monkeys
  An electric eel (Lair:3)
  3 bombardier beetles
  10 orc priests
  6 hounds
  8 jellies
  3 iguanas
  A sleepcap (D:6)
  12 orc wizards
  7 hell rats (Lair:2)
  18 gnolls
  5 adders
  4 white imps
  A dart slug (D:1)
  5 ribbon worms
  57 orcs
  5 bats
  5 endoplasms
  2 giant cockroaches (D:1)
  11 hobgoblins
  2 jackals (D:1)
  3 quokkas
  10 ball pythons
  5 frilled lizards
  13 goblins
  15 kobolds
  5 rats
514 creatures vanquished.

Vanquished Creatures (others)
  A polar bear (Lair:2)
1 creature vanquished.

Grand Total: 515 creatures vanquished

Notes
Turn   | Place    | Note
-------+----------+-------------------------------------------
     0 | D:5      | ragingrage the Draconian Delver began the quest for the
                  | Orb.
     0 | D:5      | Reached XP level 1. HP: 19/19 MP: 1/1
    17 | D:4      | Found Raetz's Assorted Antiques.
   193 | D:3      | Noticed a sleepcap
   291 | D:4      | Reached XP level 2. HP: 26/26 MP: 2/2
   607 | D:3      | Noticed Robin
   876 | D:1      | Reached XP level 3. HP: 25/31 MP: 3/3
   914 | D:1      | Found a faded altar of an unknown god.
   922 | D:1      | Prayed at the altar of an unknown god.
   922 | D:1      | Became a worshipper of Gozag Ym Sagoz the Greedy
  2059 | D:2      | Reached XP level 4. HP: 38/38 MP: 4/4
  2112 | D:2      | Identified the +0 pair of boots "Usisked" {rElec rPois
                  | Will- Dex+3}
  2139 | D:2      | Noticed Sigmund
  2172 | D:2      | Killed Sigmund
  2173 | D:2      | Reached XP level 5. HP: 31/45 MP: 5/5
  2727 | D:3      | Identified the +5 leather armour of the Little Devil {rN+
                  | Str+4}
  2741 | D:3      | Noticed Grinder
  2932 | D:3      | Paralysed by Grinder for 2 turns
  3012 | D:4      | Reached XP level 6. HP: 37/51 MP: 6/6
  3317 | D:4      | Reached skill level 5 in Short Blades
  3386 | D:4      | Found a staircase to the Ecumenical Temple.
  3391 | Temple   | Entered the Ecumenical Temple
  3641 | D:5      | Noticed Duvessa
  3641 | D:5      | Noticed Dowan
  3992 | D:5      | Your scales start taking on a glossy black colour.
  3992 | D:5      | Reached XP level 7. HP: 57/57 MP: 7/7
  3992 | D:5      | Gained mutation: You are resistant to electric shocks.
                  | (rElec) [Black Draconian growth]
  4139 | D:5      | Killed Duvessa
  4143 | D:5      | Killed Dowan
  5165 | D:5      | Reached XP level 8. HP: 54/63 MP: 8/8
  5964 | D:6      | Reached skill level 1 in Evocations
  6125 | D:6      | Reached skill level 4 in Fighting
  6439 | D:7      | Reached XP level 9. HP: 50/73 MP: 9/9
  6458 | D:6      | Reached skill level 5 in Fighting
  6872 | D:7      | Found a blossoming altar of Fedhas.
  6873 | D:7      | Found a shimmering blue altar of Sif Muna.
  6880 | D:7      | Found a sparkling altar of Nemelex Xobeh.
  7760 | D:7      | Noticed Jeremiah
  7829 | D:8      | Found Tocy's Magic Scroll Emporium.
  7938 | D:8      | Bought a scroll of teleportation for 45 gold pieces
  7938 | D:8      | Bought a scroll of enchant armour for 112 gold pieces
  8001 | D:8      | Reached skill level 6 in Fighting
  8001 | D:8      | Reached skill level 5 in Long Blades
  8103 | D:4      | Bought a scroll labelled IZAPRE SYSTATHREBAKH for 28 gold
                  | pieces
  8103 | D:4      | Bought a scroll labelled AXZOPA FUMESINT for 28 gold pieces
  8103 | D:4      | Bought a scroll labelled FUFIPRYENI for 28 gold pieces
  8103 | D:4      | Bought a potion of heal wounds for 140 gold pieces
  8540 | D:8      | Reached skill level 5 in Dodging
  8914 | D:8      | Reached skill level 7 in Fighting
  8965 | D:8      | Reached XP level 10. HP: 55/86 MP: 10/10
  9454 | D:8      | Found a staircase to the Lair.
  9825 | D:9      | Found a flagged portal.
 10065 | Bailey   | Entered a bailey
 10330 | Bailey   | Noticed an orc knight
 10348 | Bailey   | Killed an orc knight
 10860 | D:4      | Bought a lightning rod (4/4) for 1120 gold pieces
 11001 | D:7      | Killed Jeremiah
 11678 | D:9      | Found a staircase to the Orcish Mines.
 11791 | D:10     | Entered Level 10 of the Dungeon
 11796 | D:10     | Identified the +0 mace of Wonderful Purpose {venom, rPois
                  | rN+ rCorr}
 11808 | D:10     | Reached skill level 10 in Long Blades
 12102 | D:10     | Found a white marble altar of Elyvilon.
 12224 | D:10     | Reached XP level 11. HP: 31/94 MP: 11/11
 12615 | D:10     | Found a broken altar of Ashenzari.
 13508 | D:10     | Found a snail-covered altar of Cheibriados.
 13818 | D:11     | Noticed a centaur warrior
 13837 | D:11     | Killed a centaur warrior
 14199 | D:11     | Noticed a boulder beetle
 14221 | D:11     | Killed a boulder beetle
 14310 | D:11     | Found Niuc's Distillery.
 14313 | D:11     | Bought a potion of might for 48 gold pieces
 14313 | D:11     | Bought a potion of enlightenment for 60 gold pieces
 14313 | D:11     | Bought a potion of degeneration for 12 gold pieces
 14582 | D:11     | Noticed a skeletal warrior
 14677 | Lair:1   | Entered Level 1 of the Lair of Beasts
 14741 | Lair:1   | Noticed Grum
 14751 | Lair:1   | Reached skill level 8 in Fighting
 14781 | Lair:1   | Killed Grum
 15399 | Lair:1   | Reached skill level 9 in Fighting
 15715 | Lair:1   | Identified the +8 trident of Jevagh {pain, Int+4}
 15851 | Lair:1   | Reached XP level 12. HP: 72/104 MP: 12/12
 16459 | Lair:2   | Learned a level 4 spell: Vhi's Electric Charge
 16498 | Lair:2   | Noticed a catoblepas
 16542 | Lair:2   | Killed a catoblepas
 16543 | Lair:2   | Reached skill level 10 in Fighting
 16790 | Lair:2   | Identified 3 scrolls of acquirement
 16793 | Lair:2   | Acquired a +1 quick blade of electrocution
 16795 | Lair:2   | Acquired the +3 buckler "Neil" {Str+4}
 16802 | Lair:2   | Acquired the amulet of Lausuali {rElec Regen+ Int-4 Slay+2}
 16963 | Lair:2   | Reached skill level 10 in Short Blades
 17016 | Lair:2   | Found a staircase to the Snake Pit.
 17183 | Lair:2   | Paralysed by a hornet for 1 turns
 17200 | Lair:2   | Paralysed by a hornet for 1 turns
 17239 | Lair:2   | Found a staircase to the Swamp.
 18453 | Lair:3   | You are sucked into a shaft and drop 1 floor!
 18806 | Lair:4   | Reached skill level 10 in Dodging
 18992 | Lair:4   | Reached XP level 13. HP: 113/113 MP: 13/13
 19697 | Lair:5   | Entered Level 5 of the Lair of Beasts
 19836 | Lair:5   | Found a staircase to the Slime Pits.
 19837 | Lair:5   | Found a viscous altar of Jiyva.
 19875 | Lair:5   | Reached skill level 1 in Shields
 20001 | Lair:5   | Reached skill level 11 in Fighting
 20940 | Lair:5   | Reached skill level 5 in Shields
 21040 | Lair:5   | Reached skill level 12 in Fighting
 21267 | Lair:5   | Reached skill level 13 in Fighting
 22666 | D:11     | Gained mutation: Your large and strong wings let you fly.
                  | [Black Draconian growth]
 22666 | D:11     | Reached XP level 14. HP: 129/129 MP: 14/14
 22685 | D:12     | Found a runed translucent gate.
 22686 | D:12     | Found a runed translucent gate.
 22686 | D:12     | Found a runed translucent gate.
 22693 | D:12     | Noticed a tengu reaver
 22694 | D:12     | Noticed Jiodon's ghost (journeyman KoHu)
 22808 | D:12     | Reached skill level 14 in Fighting
 23755 | Orc:1    | Entered Level 1 of the Orcish Mines
 23823 | Orc:1    | Reached skill level 15 in Fighting
 23883 | Orc:1    | Noticed Erolcha
 24088 | Orc:1    | Killed Erolcha
 24216 | Orc:1    | Noticed a walking earthen tome
 24216 | Orc:1    | Noticed a walking crystal tome
 24218 | Orc:1    | Found Tugud's Book Emporium.
 24282 | Orc:1    | Reached skill level 5 in Evocations
 24437 | Orc:2    | Entered Level 2 of the Orcish Mines
 24437 | Orc:2    | Found a gate leading to a gauntlet.
 24446 | Orc:2    | Noticed an orc warlord
 24461 | Orc:2    | Killed an orc warlord
 24603 | Orc:2    | Found Saenypy's Antique Weapon Shoppe.
 24623 | Gauntlet | Entered a Gauntlet
 24623 | Gauntlet | Found a transporter.
 24635 | Gauntlet | Found a transporter.
 24638 | Gauntlet | Found a transporter.
 24639 | Gauntlet | Found a transporter.
 24646 | Gauntlet | Found a runed translucent door.
 24649 | Gauntlet | Found a transporter.
 24651 | Gauntlet | Found a transporter.
 24652 | Gauntlet | Found a transporter.
 24664 | Gauntlet | Found a transporter.
 24665 | Gauntlet | Found a transporter.
 24665 | Gauntlet | Found a transporter.
 24673 | Gauntlet | Found a transporter.
 24677 | Gauntlet | Found a transporter.
 24678 | Gauntlet | Found a transporter.
 24686 | Gauntlet | Found a transporter.
 24817 | Gauntlet | HP: 1/135 [ice statue] (14)]
 24818 | Gauntlet | Engulfed by an ice statue's freezing vapour

Illustrated notes

Levels and vault maps discovered:
D:1:      doesnt_arrival_eight_statues, layout_basic, serial_forest,
          infiniplex_forest_clump_curved, infiniplex_forest_split,
          infiniplex_forest_clump_curved, infiniplex_forest_clump_small,
          infiniplex_forest_lined_room_, infiniplex_forest_clump_medium,
          hellmonk_ecumenical_altar_blasted
D:2:      cheibrodos_old_hovel, layout_basic, uniq_sigmund
D:3:      layout_basic, mainiacjoe_overflow_alcove_2, uniq_grinder, uniq_robin
D:4:      layout_cave_pools, temple_doors_cd, serial_shops, shop
D:5:      layout_layer_cave, uniq_duvessa
D:6:      layout_basic, hex_intersection, kennysheep_generic_room_2
D:7:      layout_gridville, grunt_temple_overflow_open, uniq_jeremiah
D:8:      layout_rooms, david_lair_shrubbed, serial_shops,
          nicolae_shop_tiny_statue_garden, minmay_fountain_box,
          grunt_ministairs_14
D:9:      layout_roguey, orc_0_dummy, enter_bailey_4
D:10:     kennysheep_blocky_hall, layout_loops_ring, slow_altar_2,
          mainiacjoe_overflow_24_doors, cheibrodos_ashenzari_chains
D:11:     layout_stronghold, serial_shops, kennysheep_mini
D:12:     kennysheep_ambush_hall, layout_cross, gammafunk_ghost_split
Temple:   nicolae_temple_superstar
Lair:1:   layout_loops_ring, uniq_grum
Lair:2:   layout_gridlike, mainiacjoe_swamp_entry_angry_trees,
          nicolae_snake_entry_squirm, grunt_megastairs_2
Lair:3:   layout_regular_city, infiniplex_staircase_pool_2,
          serial_bayou_shore_a, grunt_megastairs_4
Lair:4:   layout_regular_city
Lair:5:   evilmike_catoblepas_cave, layout_layer_cave,
          nicolae_slime_entry_slimehenge
Orc:1:    layout_diamond_mine, serial_shops, nicolae_shop_mannequins,
          blackcustard_rock_pile, uniq_erolcha
Orc:2:    grunt_orc_gardens, layout_diamond_mine, grunt_orc_garden,
          grunt_orc_garden, grunt_orc_garden, grunt_orc_garden, basic_altar,
          gauntlet_entry_generic, nicolae_alphabet_shops
Gauntlet: gammafunk_gauntlet_77_escape_option
          [minmay_gauntlet_arena_77_squiggly, minmay_gauntlet_arena_77_path,
          minmay_gauntlet_arena_77_braids,
          minmay_gauntlet_arena_77_terracotta_army,
          minmay_gauntlet_arena_77_mess, nicolae_gauntlet_exit_dead_adventurers]

Skill      XL: |  1  2  3  4  5  6  7  8  9 10 11 12 13 14 |
---------------+-------------------------------------------+-----
Long Blades    | 3 4 6 10 12 | 12.7
Short Blades   | 4 6 8 9 11 | 11.6
Dodging        | 3 5 6 7 10 11 | 11.0
Evocations     | 2 4 6 |  6.4
Fighting       | 4 7 9 10 13 15 | 15.0
Shields        | 5 |  5.0
Stealth        | |  4.5

Action                     |  1- 3 |  4- 6 |  7- 9 | 10-12 | 13-15 || total
---------------------------+-------+-------+-------+-------+-------++-------
  Melee: Falchion          |   264 |       |   167 |   445 |       ||   876
         Tailslap          |    52 |    15 |    74 |   236 |   245 ||   622
         Dagger            |    17 |   104 |   226 |   389 |       ||   736
         Quick blade       |       |       |       |   355 |  1020 ||  1375
  Throw: Throwing net      |       |       |       |     1 |       ||     1
         Dart              |       |       |       |     3 |    15 ||    18
 Invoke: Potion Petition   |       |       |       |       |     1 ||     1
Ability: Galvanic Breath   |       |       |     3 |     7 |     5 ||    15
  Evoke: Wand              |       |       |     2 |       |       ||     2
         Lightning rod     |       |       |       |     3 |       ||     3
    Use: Scroll            |       |       |     1 |    20 |     4 ||    25
         Potion            |       |       |     1 |       |     1 ||     2
   Stab: Sleeping          |     5 |     4 |     5 |    12 |     4 ||    30
         Distracted        |       |     1 |     4 |     6 |     6 ||    17
         Held in net/web   |       |       |       |     1 |       ||     1
 Armour: Skin              |   103 |    31 |   170 |   384 |   182 ||   870
  Dodge: Dodged            |   111 |    42 |   207 |   602 |   242 ||  1204
  Block: Buckler           |       |       |       |    49 |   141 ||   190

Table legend: (Time is in decaauts)
 A = Elapsed time spent in this place.
 B = Non-inter-level travel time spent in this place.
 C = Inter-level travel time spent in this place.
 D = Time resting spent in this place.
 E = Time spent auto-exploring this place.
 F = Levels seen in this place.
 G = Mean time per level.
                   A        B        C        D        E       F      G
               +--------+--------+--------+--------+--------+-----+--------+
         Total |  24001 |  22509 |   1492 |   5324 |  12341 |  22 | 1091.0 |
       Dungeon |  15619 |  14451 |   1168 |   3861 |   7510 |  12 | 1301.6 |
        Temple |      1 |      1 |      0 |      0 |      0 |   1 |    1.0 |
          Lair |   7024 |   6733 |    291 |   1376 |   4091 |   5 | 1404.8 |
  Orcish Mines |    781 |    749 |     32 |     32 |    413 |   2 |  390.5 |
        Bailey |    389 |    389 |      0 |     53 |    177 |   1 |  389.0 |
      Gauntlet |    185 |    185 |      0 |      2 |    150 |   1 |  185.0 |
               +--------+--------+--------+--------+--------+-----+--------+

Top non-repeatable levels by time:
  Lair:5: 2143 daAuts
    D:10: 1987 daAuts
     D:5: 1889 daAuts
     D:7: 1770 daAuts
  Lair:1: 1654 daAuts
     D:6: 1587 daAuts
    D:11: 1460 daAuts
  Lair:2: 1420 daAuts
     D:8: 1390 daAuts
     D:1: 1223 daAuts
     D:9: 1138 daAuts
     D:4: 1028 daAuts
  Lair:4: 932 daAuts
     D:2: 873 daAuts
  Lair:3: 873 daAuts
